[Event "Bangabandhu Premier Div League 2023-24"]
[Site "Dhaka"]
[Date "2024.02.02"]
[Round "2.1"]
[White "Alekhya Mukhopadhyay"]
[Black "Majumder, Ahmed Hossain"]
[Result "1-0"]
[ECO "B98"]
[WhiteElo "2184"]
[BlackElo "1934"]
[Annotator "RC"]
[PlyCount "47"]
[EventDate "2024.02.01"]
[EventCountry "BAN"]
[SourceTitle "playchess.com"]
[Source "ChessBase"]
[SourceQuality "1"]
[TimeControl "40/5400+30:1800+30"]

1. e4 c5 2. Nf3 d6 3. d4 cxd4 4. Nxd4 Nf6 5. Nc3 a6 6. Bg5 e6 7. f4 Be7 8. Qf3 Qc7 9. O-O-O Nc6 10. Nxc6 Qxc6 11. e5 Qxf3 12. gxf3 dxe5 13. fxe5 Nd7 14. Bxe7 Kxe7 15. f4 g5 16. fxg5 Nxe5 17. Bg2 h6 18. Rhe1 Nd7 19. Nd5+ Kf8 20. Nf6 Nxf6 21. gxf6 Ke8 22. Rd6 Bd7 23. Red1 Bb5 24. c4 1-0

[Event "Bangabandhu Premier Div League 2023-24"]
[Site "Dhaka"]
[Date "2024.02.02"]
[Round "2.2"]
[White "Puranik, Abhimanyu"]
[Black "Ahmed, Sheikh Nasir"]
[Result "1-0"]
[ECO "D38"]
[WhiteElo "2645"]
[BlackElo "2182"]
[Annotator "TA"]
[PlyCount "105"]
[EventDate "2024.02.01"]
[EventCountry "BAN"]
[SourceTitle "playchess.com"]
[Source "ChessBase"]
[SourceQuality "1"]
[TimeControl "40/5400+30:1800+30"]

1. d4 Nf6 2. c4 e6 3. Nf3 d5 4. Nc3 Bb4 5. Bg5 h6 6. Bxf6 Qxf6 7. e3 O-O 8. Rc1 dxc4 9. Bxc4 c5 10. O-O {[%emt 0:01:10] next Ne4 is good for White.} cxd4 11. Ne4 Qd8 12. exd4 Nd7 {[%emt 0:09:09] White is slightly better.} 13. d5 exd5 14. Bxd5 Be7 15. Bb3 Nf6 16. Qxd8 Bxd8 (16... Rxd8 $14 17. Rc7 Kf8) 17. Nd6 $16 Bb6 18. Nxf7 {[%emt 0:01:51] Threatens to win with N7g5+. White has more active pieces. The black rooks are passive.} Kh7 (18... Rxf7 $2 {too greedy.} 19. Ne5 $18) 19. N3e5 Re8 {[%emt 0:03:57] [#]} (19... Bg4 $16) 20. Nc4 $1 $18 {[%emt 0:02:01] Excellent horsemanship.} Re2 21. Rc2 Rxc2 22. Bxc2+ g6 (22... Kg8 $16) 23. Nxb6 axb6 24. Bb3 Bd7 25. Rc1 Ba4 26. f3 Bxb3 27. axb3 $16 {[%emt 0:00:03][%mdl 4096] Endgame. KRN-KRN} Nd5 {[%emt 0:30:36] Prevents Rc7} (27... Ra2 $16) 28. Rd1 $18 Ra5 29. Nd6 Ne3 30. Rd2 Rd5 (30... Nf5 $142 31. Nc4 (31. Nxb7 Rb5 $16) 31... Ra1+ 32. Kf2 b5) 31. Rxd5 Nxd5 32. Nxb7 {[%emt 0:00:04] KN-KN} Kg7 33. Nd6 Kf6 34. Nc4 b5 35. Na3 Nc7 36. Kf2 Ke5 37. Ke3 Nd5+ 38. Kd2 b4 (38... Nc7 $142 39. g3 Kd5) 39. Nc2 h5 40. g3 {[%emt 0:00:06] White is clearly winning.} h4 41. Kd3 ({Not} 41. gxh4 Ne7 42. Nxb4 Nf5 43. Nd3+ Kd6 $18) 41... hxg3 (41... h3 $142 42. f4+ Ke6) 42. hxg3 g5 43. Ne3 {[%emt 0:01:52] [#] And now Nxd5 would win.} Ne7 44. Kc4 Nc6 45. Kc5 {[%emt 0:00:08] White threatens Nc4+ and mate.} Ne7 46. Nc4+ Kf6 47. g4 Ng6 48. Kxb4 Nh4 49. Nd2 {[%emt 0:00:09] Strongly threatening Kc5.} Ke5 50. Kc5 Ng2 51. b4 Nf4 52. b5 Nd3+ 53. Kc6 {[%emt 0:00:06] Weighted Error Value: White=0.05 (flawless) /Black=0.28 (precise) .  Mistake:       	---       	Black=7      OK:         	White=14    	Black=11     Best:        	White=3     	Black=1      Strong:       	White=1     	---} 1-0

[Event "Bangabandhu Premier Div League 2023-24"]
[Site "Dhaka"]
[Date "2024.02.02"]
[Round "2.2"]
[White "Rathanvel, V S"]
[Black "Hasan Md, Emam"]
[Result "*"]
[ECO "C41"]
[WhiteElo "2474"]
[BlackElo "2053"]
[Annotator "RC"]
[PlyCount "77"]
[EventDate "2024.02.01"]
[EventCountry "BAN"]
[SourceTitle "playchess.com"]
[Source "ChessBase"]
[SourceQuality "1"]
[TimeControl "40/5400+30:1800+30"]

1. e4 e5 2. Nf3 d6 3. d4 Nd7 4. Bc4 c6 5. O-O Be7 6. dxe5 dxe5 7. Ng5 Bxg5 8. Qh5 Qe7 9. Bxg5 Ngf6 10. Qh4 O-O 11. Nd2 h6 12. Be3 Nd5 13. Qxe7 Nxe7 14. a4 Ng6 15. a5 Nf6 16. f3 Re8 17. Ra4 Nf4 18. Nb3 Be6 19. Rd1 Bxc4 20. Rxc4 Red8 21. Rxd8+ Rxd8 22. Rb4 Rd1+ 23. Kf2 Rb1 24. Nc5 Rh1 25. Rxb7 Rxh2 26. Bxf4 exf4 27. Kg1 Rh4 28. Nd7 Nxd7 29. Rxd7 Rh5 30. Rxa7 Rc5 31. c3 Rb5 32. b4 c5 33. a6 cxb4 34. Rb7 Ra5 35. a7 bxc3 36. Rb8+ Kh7 37. a8=Q c2 38. Rh8+ Kg6 39. Qc6+ *

[Event "Bangabandhu Premier Div League 2023-24"]
[Site "Dhaka"]
[Date "2024.02.02"]
[Round "2.3"]
[White "Ankit Ray"]
[Black "Mohammed Abdul, Malek"]
[Result "1-0"]
[ECO "D34"]
[WhiteElo "1912"]
[BlackElo "2047"]
[Annotator "NA RC"]
[PlyCount "95"]
[EventDate "2024.02.01"]
[EventCountry "BAN"]
[SourceTitle "playchess.com"]
[Source "ChessBase"]
[SourceQuality "1"]
[TimeControl "40/5400+30:1800+30"]

1. Nf3 Nf6 2. g3 d5 3. Bg2 c5 4. O-O e6 5. d4 cxd4 6. Nxd4 Be7 7. c4 O-O 8. cxd5 exd5 9. Nc3 Nc6 10. Nb3 Be6 11. Bg5 d4 12. Nb5 Bxb3 13. axb3 Qb6 14. Na3 Rfd8 15. Nc4 Qb5 16. Bd2 Nd5 17. Rc1 a5 18. Qc2 Bf6 19. Be4 g6 20. Qd3 Bg7 21. Qf3 d3 22. Bxd3 Qxb3 23. Ra1 Nd4 24. Qg2 Qb5 25. Bxa5 Nb4 26. Bxd8 Rxd8 27. Rad1 Nxd3 28. exd3 Qb3 29. Rd2 b5 30. Ne3 h5 31. Kh1 Bf8 32. Rb1 Ne6 33. d4 Rxd4 34. Rxd4 Nxd4 35. Qe4 Bg7 36. Kg2 Kh7 37. Qd5 f5 38. Qxb3 Nxb3 39. Nd5 Nc5 40. b4 Na4 41. Rc1 Nb2 42. Rc5 Nd3 43. Rxb5 Bd4 44. Rb7+ Kh6 45. f4 g5 46. Ne7 Bc3 47. Rb6+ Kh7 48. fxg5 1-0

[Event "Bangabandhu Premier Div League 2023-24"]
[Site "Dhaka"]
[Date "2024.02.02"]
[Round "2.4"]
[White "Harikrishnan.A.Ra"]
[Black "Tashriq Saihan, Shan"]
[Result "1-0"]
[ECO "D00"]
[WhiteElo "2454"]
[BlackElo "1772"]
[Annotator "RC"]
[PlyCount "140"]
[EventDate "2024.02.01"]
[EventCountry "BAN"]
[SourceTitle "playchess.com"]
[Source "ChessBase"]
[SourceQuality "1"]
[TimeControl "40/5400+30:1800+30"]

1. d4 Nf6 2. Nf3 g6 3. Nc3 d5 4. Bf4 Bg7 5. Nb5 Na6 6. e3 O-O 7. h3 c6 8. Nc3 Nc7 9. Bd3 Ne6 10. Be5 b6 11. O-O Bb7 12. Nb1 c5 13. c3 Ne4 14. Bxg7 Nxg7 15. Nbd2 Nxd2 16. Qxd2 Qd6 17. Rad1 Rad8 18. Qe2 Nh5 19. Rfe1 Nf6 20. Qc2 c4 21. Bf1 Ne4 22. Nd2 Nxd2 23. Rxd2 f5 24. Qa4 a6 25. b3 b5 26. Qa5 Rc8 27. Rb2 f4 28. exf4 Rxf4 29. Rbe2 Rf7 30. Re6 Qf4 31. f3 Re8 32. R6e5 Qg3 33. Kh1 Bc8 34. Qa3 Ref8 35. Rxe7 Bxh3 36. R7e3 Bd7 37. Qc1 Rf4 38. R1e2 Rh4+ 39. Kg1 Rh3 40. Rb2 Qh2+ 41. Kf2 Bg4 42. Ke1 Qg3+ 43. Rf2 Rh1 44. Qa3 Rf7 45. Qxa6 Qf4 46. Qa8+ Kg7 47. Qe8 Bf5 48. Qe5+ Qxe5 49. dxe5 Bd3 50. Rxd3 cxd3 51. Kd2 Rh5 52. Bxd3 Ra7 53. Ke3 Rxe5+ 54. Kd4 Kf6 55. Bxb5 Rc7 56. a4 Ke6 57. Bd3 Kd6 58. a5 Re1 59. Ra2 Kc6 60. b4 Kb7 61. b5 Rc1 62. b6 Rc8 63. Rb2 Ra1 64. a6+ Kb8 65. Bb5 Rd1+ 66. Ke5 Rd8 67. Bc6 Re1+ 68. Kf4 Ra1 69. a7+ Rxa7 70. bxa7+ Kxa7 1-0

[Event "Bangabandhu Premier Div League 2023-24"]
[Site "Dhaka"]
[Date "2024.02.02"]
[Round "2.4"]
[White "Rahman, Ziaur"]
[Black "Manon, Reja Neer"]
[Result "1-0"]
[ECO "D30"]
[WhiteElo "2428"]
[BlackElo "2169"]
[Annotator "RC"]
[PlyCount "93"]
[EventDate "2024.02.01"]
[EventCountry "BAN"]
[SourceTitle "playchess.com"]
[Source "ChessBase"]
[SourceQuality "1"]
[TimeControl "40/5400+30:1800+30"]

1. c4 Nf6 2. Nf3 c6 3. d4 d5 4. e3 e6 5. Nbd2 Nbd7 6. b3 Bd6 7. Bb2 b6 8. Bd3 Bb7 9. e4 dxe4 10. Nxe4 Nxe4 11. Bxe4 Nf6 12. Bc2 Bb4+ 13. Kf1 Be7 14. Qe2 Qc7 15. Re1 Rd8 16. h4 c5 17. dxc5 Bxc5 18. Bxf6 gxf6 19. Be4 Bb4 20. Rb1 h5 21. Rh3 Rg8 22. Bxb7 Qxb7 23. a3 Bxa3 24. b4 Qe7 25. Qc2 b5 26. Qc3 bxc4 27. Qxa3 Rd3 28. Qa4+ Kf8 29. Qc6 Rg4 30. Rg3 Rb3 31. Qc8+ Kg7 32. Rxb3 cxb3 33. Qc3 a5 34. bxa5 Qb7 35. Nd2 b2 36. Qb3 Qa6+ 37. Kg1 Qxa5 38. Qxb2 Rxg3 39. fxg3 Qd5 40. Nf1 Qc5+ 41. Qf2 Qb4 42. Qf3 Kg6 43. Qd3+ f5 44. Qd8 Qg4 45. Nh2 Qe2 46. Qg5+ Kh7 47. Nf3 1-0

[Event "Bangabandhu Premier Div League 2023-24"]
[Site "Dhaka"]
[Date "2024.02.02"]
[Round "2.5"]
[White "Abu Sufian, Shakil"]
[Black "Islam, M.M. Zahirul"]
[Result "1-0"]
[ECO "C11"]
[WhiteElo "2199"]
[BlackElo "1876"]
[Annotator "RC"]
[PlyCount "69"]
[EventDate "2024.02.01"]
[EventCountry "BAN"]
[SourceTitle "playchess.com"]
[Source "ChessBase"]
[SourceQuality "1"]
[TimeControl "40/5400+30:1800+30"]

1. e4 e6 2. d4 d5 3. Nc3 Nf6 4. e5 Nfd7 5. f4 c5 6. Nf3 Nc6 7. Be3 Be7 8. Qd2 a6 9. dxc5 Bxc5 10. Bxc5 Nxc5 11. Bd3 Bd7 12. a3 Na5 13. Qf2 Rc8 14. O-O Nxd3 15. cxd3 Nb3 16. Rad1 O-O 17. Nd4 Qb6 18. Nxb3 Qxb3 19. Rd2 f6 20. exf6 Rxf6 21. Qd4 Rc6 22. Rdf2 Qb6 23. Ne2 Qc7 24. Qe3 Rc2 25. Nd4 Rxf2 26. Rxf2 h6 27. h4 Rg6 28. g3 Qd8 29. Kh2 Bc8 30. Rc2 Qd7 31. Qc1 e5 32. Rxc8+ Kh7 33. f5 Rg4 34. Ne6 Qa4 35. Nf8+ 1-0

[Event "Bangabandhu Premier Div League 2023-24"]
[Site "Dhaka"]
[Date "2024.02.02"]
[Round "2.5"]
[White "Mehdi Hasan Parag"]
[Black "Swarnavo Choudhury"]
[Result "0-1"]
[ECO "B48"]
[WhiteElo "2171"]
[BlackElo "2056"]
[Annotator "RC"]
[PlyCount "138"]
[EventDate "2024.02.01"]
[EventCountry "BAN"]
[SourceTitle "playchess.com"]
[Source "ChessBase"]
[SourceQuality "1"]
[TimeControl "40/5400+30:1800+30"]

1. e4 c5 2. Nf3 e6 3. d4 cxd4 4. Nxd4 Nc6 5. Nc3 Qc7 6. Be3 a6 7. a3 Nf6 8. f4 d6 9. Bd3 Be7 10. Qf3 O-O 11. O-O Nxd4 12. Bxd4 e5 13. fxe5 dxe5 14. Qg3 Bc5 15. Bxc5 Qxc5+ 16. Kh1 Kh8 17. Rf3 Qe7 18. Raf1 Nh5 19. Qf2 Be6 20. Qe3 Nf4 21. Rg3 Rad8 22. Rgf3 Qd6 23. Qf2 Qe7 24. Qg3 f6 25. Qh4 Ng6 26. Qf2 Nf4 27. h3 Nxd3 28. cxd3 Rd4 29. Ne2 Rd7 30. Rc1 Rfd8 31. Rc3 Qf7 32. Ng3 Qg6 33. Kh2 Qf7 34. Nf1 Qe7 35. Qc2 Rd4 36. b4 h6 37. Nd2 Kh7 38. Rg3 R4d7 39. Nf3 g6 40. Qf2 Bf7 41. Kh1 Rc7 42. Rxc7 Qxc7 43. Kh2 Qe7 44. Nh4 Qe6 45. Rf3 Rd6 46. Qa7 Qd7 47. Qf2 Qe6 48. Qg3 Rd8 49. Rf2 g5 50. Nf3 Bh5 51. Ne1 Rc8 52. Qe3 Kg7 53. Qa7 Qd7 54. Nc2 Bf7 55. Qe3 Bh5 56. d4 exd4 57. Nxd4 Qd6+ 58. g3 Bg6 59. Nf3 Re8 60. Rd2 Qe6 61. e5 fxe5 62. Qc3 Be4 63. Ne1 Bc6 64. Qe3 Rf8 65. Nd3 Rf1 66. Nf2 Qf6 67. Re2 Ra1 68. Ne4 Qf1 69. g4 Bxe4 0-1

[Event "Bangabandhu Premier Div League 2023-24"]
[Site "Dhaka"]
[Date "2024.02.02"]
[Round "2.6"]
[White "Sanket Chakravarty"]
[Black "Mohammad Nubairshah Shaikh"]
[Result "0-1"]
[ECO "D78"]
[WhiteElo "2361"]
[BlackElo "2428"]
[Annotator "RC"]
[PlyCount "56"]
[EventDate "2024.02.01"]
[EventCountry "BAN"]
[SourceTitle "playchess.com"]
[Source "ChessBase"]
[SourceQuality "1"]
[TimeControl "40/5400+30:1800+30"]

1. c4 Nf6 2. Nf3 g6 3. d4 Bg7 4. g3 c6 5. Nc3 d5 6. Bg2 dxc4 7. O-O O-O 8. e4 b5 9. Qc2 a5 10. Rd1 Na6 11. a3 Be6 12. Ne5 Qc8 13. Nxc6 Qxc6 14. d5 Bxd5 15. exd5 Qd7 16. d6 Rad8 17. dxe7 Qxe7 18. Nxb5 Rxd1+ 19. Qxd1 Rd8 20. Qf1 Nc5 21. Bf4 Nd3 22. Bc7 Rd7 23. Bxa5 Qc5 24. a4 Ng4 25. Re1 Ndxf2 26. Re8+ Bf8 27. Bf3 Ne4+ 28. Kh1 Nxg3+ 0-1

[Event "Bangabandhu Premier Div League 2023-24"]
[Site "Dhaka"]
[Date "2024.02.02"]
[Round "2.6"]
[White "Rahman, Syed Mahfuzur"]
[Black "Pranav Vijay"]
[Result "0-1"]
[ECO "E15"]
[WhiteElo "2087"]
[BlackElo "2252"]
[Annotator "RC"]
[PlyCount "55"]
[EventDate "2024.02.01"]
[EventCountry "BAN"]
[SourceTitle "playchess.com"]
[Source "ChessBase"]
[SourceQuality "1"]
[TimeControl "40/5400+30:1800+30"]

1. d4 Nf6 2. Nf3 e6 3. c4 b6 4. g3 Ba6 5. b3 d5 6. Bg2 dxc4 7. Ne5 Bb4+ 8. Kf1 Bd6 9. Nxc4 Nd5 10. Bb2 Nc6 11. Kg1 O-O 12. e4 Nde7 13. Nbd2 Qd7 14. a3 Rad8 15. Nf3 Bc5 16. Nce5 Qc8 17. Qc2 Nxd4 18. Nxd4 Bxd4 19. Bf3 c5 20. Kg2 Qc7 21. Bxd4 Rxd4 22. Nc4 Rfd8 23. Rhd1 Nc6 24. Nb2 Rxd1 25. Rxd1 Nd4 26. Qc3 Bb7 27. Nc4 f5 28. Kf1 0-1

[Event "Bangabandhu Premier Div League 2023-24"]
[Site "Dhaka"]
[Date "2024.02.02"]
[Round "2.7"]
[White "Narayanan, Srinath"]
[Black "Md Anisur Rahaman"]
[Result "1-0"]
[ECO "A39"]
[WhiteElo "2552"]
[BlackElo "1762"]
[Annotator "RC"]
[PlyCount "85"]
[EventDate "2024.02.01"]
[EventCountry "BAN"]
[SourceTitle "playchess.com"]
[Source "ChessBase"]
[SourceQuality "1"]
[TimeControl "40/5400+30:1800+30"]

1. Nf3 Nf6 2. c4 c5 3. Nc3 Nc6 4. d4 cxd4 5. Nxd4 a6 6. g3 g6 7. Bg2 Bg7 8. O-O O-O 9. e3 e5 10. Nde2 Re8 11. b3 d6 12. Ba3 Bf8 13. Qd2 Qc7 14. Rfd1 Rd8 15. Rac1 Bg4 16. Nd5 Nxd5 17. cxd5 Qa5 18. dxc6 Qxa3 19. c7 Re8 20. Bxb7 Rac8 21. f3 Be6 22. Bxc8 Rxc8 23. Nc3 Qa5 24. Nd5 Qb5 25. Qd3 Qb7 26. Kg2 Bxd5 27. Qxd5 Rxc7 28. Qxb7 Rxb7 29. Rd5 Rb6 30. Kf2 Kg7 31. Ke2 Be7 32. Rc4 f5 33. Ra5 h5 34. Kd2 d5 35. Rxd5 Kf6 36. Ke2 Bb4 37. Rd8 a5 38. Rdc8 Rd6 39. R4c6 Ke6 40. Rxd6+ Kxd6 41. Rg8 e4 42. fxe4 fxe4 43. Rxg6+ 1-0

[Event "Bangabandhu Premier Div League 2023-24"]
[Site "Dhaka"]
[Date "2024.02.02"]
[Round "2.7"]
[White "Mayank Chakraborty"]
[Black "Rabby, Salim"]
[Result "0-1"]
[ECO "E11"]
[WhiteElo "2409"]
[BlackElo "1931"]
[Annotator "RC"]
[PlyCount "92"]
[EventDate "2024.02.01"]
[EventCountry "BAN"]
[SourceTitle "playchess.com"]
[Source "ChessBase"]
[SourceQuality "1"]
[TimeControl "40/5400+30:1800+30"]

1. d4 Nf6 2. c4 e6 3. Nf3 Bb4+ 4. Bd2 Bxd2+ 5. Qxd2 O-O 6. Nc3 b6 7. e4 Bb7 8. Bd3 d6 9. O-O Nbd7 10. Rfe1 e5 11. Rad1 Re8 12. Bc2 a6 13. dxe5 Nxe5 14. Nxe5 dxe5 15. Qe3 Qe7 16. Ba4 Red8 17. Nd5 Qd6 18. a3 Rab8 19. b4 Nxd5 20. exd5 f6 21. h4 Qf8 22. h5 Qf7 23. h6 g5 24. Bb3 Kh8 25. Qc3 Qe7 26. c5 bxc5 27. bxc5 Bc8 28. d6 cxd6 29. cxd6 Qe8 30. Bc2 Bd7 31. Qd3 Qf7 32. Qxa6 Qh5 33. Rb1 Ra8 34. Qd3 Qxh6 35. Rb7 Qg6 36. Qc3 Qe8 37. Qf3 Qf8 38. Bf5 Bxf5 39. Qxf5 Qh6 40. Re3 Qg6 41. Rxh7+ Kxh7 42. Qe6 Kg7 43. Rc3 Ra7 44. Rh3 Rad7 45. Kh2 Qf7 46. Qf5 Rh8 0-1

[Event "Bangabandhu Premier Div League 2023-24"]
[Site "Dhaka"]
[Date "2024.02.02"]
[Round "2.8"]
[White "Arpan Das"]
[Black "Subrota, Biswas"]
[Result "1-0"]
[ECO "B11"]
[WhiteElo "2367"]
[BlackElo "2223"]
[Annotator "RC"]
[PlyCount "125"]
[EventDate "2024.02.01"]
[EventCountry "BAN"]
[SourceTitle "playchess.com"]
[Source "ChessBase"]
[SourceQuality "1"]
[TimeControl "40/5400+30:1800+30"]

1. e4 c6 2. Nc3 d5 3. Nf3 dxe4 4. Nxe4 Nf6 5. Qe2 Nxe4 6. Qxe4 Be6 7. b3 Nd7 8. Bb2 Nf6 9. Qe2 Bg4 10. g3 g6 11. Bg2 Bg7 12. O-O O-O 13. h3 Bxf3 14. Bxf3 Nd7 15. d4 e5 16. Rad1 Re8 17. dxe5 Qc7 18. Bg2 Nxe5 19. Bc1 Nd7 20. Qd3 Ne5 21. Qe2 Nd7 22. Be3 Rad8 23. Qc4 Ne5 24. Qa4 a5 25. Qf4 Re6 26. Rd2 Rxd2 27. Bxd2 Qd8 28. Be3 Rd6 29. Kh2 h5 30. Re1 Re6 31. a4 Bf6 32. Kh1 Rd6 33. Bc5 Rd1 34. Qe4 h4 35. Rxd1 Qxd1+ 36. Kh2 hxg3+ 37. fxg3 Bg7 38. Bb6 f5 39. Qe3 Qxc2 40. Bxa5 g5 41. Bc7 Nf7 42. a5 Bf6 43. b4 Qd1 44. Qf3 Qd7 45. Bb6 Ne5 46. Qe3 Ng6 47. Qb3+ Kg7 48. b5 f4 49. bxc6 fxg3+ 50. Kh1 bxc6 51. a6 Qd2 52. Qxg3 Qc1+ 53. Bg1 Bd4 54. Be4 Qa1 55. Bxg6 Kxg6 56. Qd6+ Kh5 57. Qxd4 Qxa6 58. Qg4+ Kg6 59. Qe6+ Kh5 60. Qf7+ Kh6 61. Qf6+ Kh5 62. Qf7+ Kh6 63. Bd4 1-0

[Event "Bangabandhu Premier Div League 2023-24"]
[Site "Dhaka"]
[Date "2024.02.02"]
[Round "2.8"]
[White "Mihir Lal, Das"]
[Black "Nayem, Haque"]
[Result "0-1"]
[ECO "D02"]
[WhiteElo "1936"]
[BlackElo "2092"]
[Annotator "NA RC"]
[PlyCount "103"]
[EventDate "2024.02.01"]
[EventCountry "BAN"]
[SourceTitle "playchess.com"]
[Source "ChessBase"]
[SourceQuality "1"]
[TimeControl "40/5400+30:1800+30"]

1. Nf3 d5 2. g3 Nf6 3. Bg2 e6 4. O-O Be7 5. b3 O-O 6. Bb2 c5 7. d4 Nc6 8. Nbd2 Bd7 9. c4 cxd4 10. Nxd4 Nxd4 11. Bxd4 Bc6 12. Bb2 Bb4 13. Rc1 Qa5 14. Bxf6 Bxd2 15. Rc2 Bb4 16. cxd5 exd5 17. Ba1 Rfe8 18. Qd4 Bf8 19. Rd1 Rad8 20. Bc3 Qc5 21. Qxc5 Bxc5 22. Ba5 b6 23. Rxc5 bxc5 24. Bxd8 Rxd8 25. Rc1 Bb5 26. Rxc5 Bxe2 27. Bxd5 Kf8 28. f4 Bg4 29. Kf2 g6 30. Ra5 Rd7 31. Ke3 h5 32. Kd4 Bf3 33. Kc4 Rc7+ 34. Rc5 Bxd5+ 35. Kxd5 Rd7+ 36. Kc4 Rd2 37. Ra5 Rxh2 38. Rxa7 h4 39. gxh4 Rxh4 40. b4 Rxf4+ 41. Kc5 Rf5+ 42. Kc6 Rf2 43. b5 Rc2+ 44. Kd5 Rb2 45. a4 g5 46. Ke5 g4 47. Kf6 Rf2+ 48. Ke5 g3 49. b6 g2 50. b7 Rb2 51. Kf6 Rb6+ 52. Ke5 0-1

[Event "Bangabandhu Premier Div League 2023-24"]
[Site "Dhaka"]
[Date "2024.02.02"]
[Round "2.9"]
[White "Kushagra Mohan"]
[Black "Hossain, Enamul"]
[Result "1/2-1/2"]
[ECO "B32"]
[WhiteElo "2374"]
[BlackElo "2372"]
[Annotator "RC"]
[PlyCount "108"]
[EventDate "2024.02.01"]
[EventCountry "BAN"]
[SourceTitle "playchess.com"]
[Source "ChessBase"]
[SourceQuality "1"]
[TimeControl "40/5400+30:1800+30"]

1. e4 c5 2. Nf3 Nc6 3. d4 cxd4 4. Nxd4 e5 5. Nb5 d6 6. c4 Be6 7. N1c3 a6 8. Na3 g6 9. Bd3 Bg7 10. Be3 Nf6 11. f3 O-O 12. Nc2 b5 13. cxb5 axb5 14. Bxb5 Ne7 15. O-O d5 16. exd5 Nexd5 17. Nxd5 Nxd5 18. Bf2 Qc7 19. a4 Rfd8 20. Qc1 Rac8 21. Ne3 Qb7 22. Qb1 Nxe3 23. Bxe3 Bf5 24. Qe1 Bd3 25. Bxd3 Rxd3 26. Qe2 e4 27. Bf2 Qxb2 28. Qxe4 Rd2 29. Rad1 Re2 30. Qd5 Bf6 31. Rb1 Qc2 32. Rb7 Qa2 33. Qxa2 Rxa2 34. Rbb1 Rcc2 35. Rbc1 Rxf2 36. Rxf2 Bd4 37. Rcf1 h5 38. h4 g5 39. g3 gxh4 40. gxh4 Rxa4 41. f4 Kg7 42. Kg2 Bxf2 43. Rxf2 Kg6 44. Rf3 Kf5 45. Kg3 Ra1 46. Rb3 Rg1+ 47. Kf3 Rg4 48. Rb5+ Kg6 49. Rg5+ Rxg5 50. hxg5 f6 51. gxf6 Kxf6 52. Kg3 Kf5 53. Kh4 Kxf4 54. Kxh5 Ke5 1/2-1/2

[Event "Bangabandhu Premier Div League 2023-24"]
[Site "Dhaka"]
[Date "2024.02.02"]
[Round "2.10"]
[White "Chigaev, Maksim"]
[Black "Chowdhury, Sohel"]
[Result "1-0"]
[ECO "B13"]
[WhiteElo "2622"]
[BlackElo "1956"]
[Annotator "RC"]
[PlyCount "131"]
[EventDate "2024.02.01"]
[EventCountry "BAN"]
[SourceTitle "playchess.com"]
[Source "ChessBase"]
[SourceQuality "1"]
[TimeControl "40/5400+30:1800+30"]

1. e4 c6 2. d4 d5 3. exd5 cxd5 4. Bd3 Nc6 5. c3 Qc7 6. h3 Nf6 7. Nf3 e6 8. O-O Be7 9. Re1 O-O 10. Nbd2 a6 11. Nf1 b5 12. a3 Bb7 13. Bg5 Rfe8 14. N1h2 Na5 15. Bxf6 Bxf6 16. Ng4 Be7 17. Qc2 h6 18. Nfe5 f5 19. Nh2 Nc4 20. Nhf3 Nd6 21. a4 Bf6 22. Qb3 bxa4 23. Qxa4 Ne4 24. Qa5 Qd6 25. Ng6 Bd8 26. Qa3 Bc7 27. Qxd6 Bxd6 28. Nfe5 Bxe5 29. Nxe5 Red8 30. Ra3 Rd6 31. Rea1 Rb6 32. b4 Rc8 33. Nd7 Rbc6 34. Nc5 Nxc5 35. bxc5 Ra8 36. f4 Kf7 37. Kf2 Kf6 38. Rb1 Bc8 39. Ke3 g5 40. g3 Ra7 41. Rb8 gxf4+ 42. gxf4 Rg7 43. Kf2 h5 44. Ra1 h4 45. Rg1 Rxg1 46. Kxg1 Ke7 47. Kf2 Kd8 48. Ke3 Ke7 49. Kd2 Kd8 50. Kc2 Kd7 51. Rb1 Rc7 52. Rg1 Kc6 53. Rg6 Kb7 54. Kb3 Ka7 55. Ka3 Rh7 56. Rg8 Rc7 57. Kb4 Rb7+ 58. Ka5 Rc7 59. Bc2 Bd7 60. Rg7 Kb8 61. Bd3 e5 62. dxe5 Rxc5+ 63. Kb4 Rc7 64. Bxa6 Be6 65. Rxc7 Kxc7 66. Kc5 1-0

[Event "Bangabandhu Premier Div League 2023-24"]
[Site "Dhaka"]
[Date "2024.02.02"]
[Round "2.11"]
[White "Sajidul, Haque"]
[Black "Iniyan, Pa"]
[Result "*"]
[ECO "A31"]
[WhiteElo "1922"]
[BlackElo "2515"]
[Annotator "RC"]
[PlyCount "98"]
[EventDate "2024.02.01"]
[EventCountry "BAN"]
[SourceTitle "playchess.com"]
[Source "ChessBase"]
[SourceQuality "1"]
[TimeControl "40/5400+30:1800+30"]

1. e4 c5 2. Nf3 d6 3. d4 cxd4 4. Nxd4 Nf6 5. f3 e6 6. c4 Be7 7. Nc3 O-O 8. Be3 b6 9. Be2 Bb7 10. O-O Nc6 11. Qd2 Nxd4 12. Qxd4 Nd7 13. Rad1 Qb8 14. Kh1 Rd8 15. Qd2 a6 16. Rc1 Bc6 17. b4 Rc8 18. Rfd1 Ne5 19. Qd4 Be8 20. f4 Ng6 21. a4 Qb7 22. Rf1 Rab8 23. a5 bxa5 24. bxa5 Qc6 25. Qd2 Bd8 26. Ra1 Bf6 27. Bb6 Bxc3 28. Qxc3 Qxe4 29. Bf3 Qxc4 30. Qxc4 Rxc4 31. Be2 Rc2 32. Bxa6 Bc6 33. Rfc1 Bxg2+ 34. Kg1 Rxc1+ 35. Rxc1 Bd5 36. Bc7 Rb2 37. Bxd6 h5 38. Bd3 Rg2+ 39. Kf1 Rxh2 40. Rc8+ Kh7 41. Bxg6+ fxg6 42. a6 Ra2 43. Rc7 h4 44. Rc3 Kh6 45. Ba3 Kh5 46. a7 Kg4 47. Rd3 Bg2+ 48. Kg1 h3 49. Rc3 Bd5 *

[Event "Bangabandhu Premier Div League 2023-24"]
[Site "Dhaka"]
[Date "2024.02.02"]
[Round "2.12"]
[White "Anata, Choudhury"]
[Black "Suvradeepta, Das"]
[Result "1/2-1/2"]
[ECO "C95"]
[WhiteElo "2196"]
[BlackElo "2141"]
[Annotator "RC"]
[PlyCount "115"]
[EventDate "2024.02.01"]
[EventCountry "BAN"]
[SourceTitle "playchess.com"]
[Source "ChessBase"]
[SourceQuality "1"]
[TimeControl "40/5400+30:1800+30"]

1. e4 e5 2. Nf3 Nc6 3. Bb5 a6 4. Ba4 Nf6 5. O-O Be7 6. d3 d6 7. c3 O-O 8. Re1 b5 9. Bc2 Bb7 10. Nbd2 Nb8 11. d4 Nbd7 12. a4 c5 13. Nf1 Re8 14. Ng3 Bf8 15. d5 g6 16. h3 c4 17. Bg5 h6 18. Be3 Kh7 19. Nh2 Bg7 20. Ng4 Nxg4 21. hxg4 Qh4 22. Nf1 Reb8 23. axb5 axb5 24. Ba7 Rh8 25. Re3 Qe7 26. Rh3 Nf6 27. g5 Nh5 28. Be3 Rxa1 29. Qxa1 Ra8 30. Qc1 Bc8 31. Rh1 Nf4 32. Bxf4 exf4 33. Qxf4 h5 34. g3 b4 35. e5 Bxe5 36. Qxc4 bxc3 37. bxc3 Kg8 38. Kg2 Bb7 39. Ne3 Rc8 40. Qe4 Rxc3 41. Rb1 Qc7 42. Bd3 Rc1 43. Rxc1 Qxc1 44. Qc4 Qb2 45. Qb5 Qxb5 46. Bxb5 Bd4 47. Bc6 Ba6 48. Kf3 Bd3 49. Ba4 Kg7 50. Bc2 Ba6 51. Ke4 Bb6 52. Bd3 Bc8 53. Be2 f6 54. gxf6+ Kxf6 55. f4 Bc5 56. Bd3 Bf5+ 57. Nxf5 gxf5+ 58. Kf3 1/2-1/2

[Event "Bangabandhu Premier Div League 2023-24"]
[Site "Dhaka"]
[Date "2024.02.03"]
[Round "3.1"]
[White "Rathanvel, V S"]
[Black "Abu Sufian, Shakil"]
[Result "1/2-1/2"]
[ECO "B32"]
[WhiteElo "2474"]
[BlackElo "2199"]
[Annotator "ChessBase"]
[PlyCount "89"]
[EventDate "2024.02.01"]
[EventCountry "BAN"]
[SourceTitle "playchess.com"]
[Source "ChessBase"]
[SourceQuality "1"]
[TimeControl "40/5400+30:1800+30"]

1. e4 c5 2. Nf3 Nc6 3. d4 cxd4 4. Nxd4 e5 5. Nb5 d6 6. N1c3 a6 7. Na3 Be7 8. Nc4 b5 9. Ne3 Nf6 10. Bd3 Nb4 11. Be2 O-O 12. O-O Be6 13. a3 Nc6 14. Ned5 Nd4 15. Bd3 Nxd5 16. Nxd5 Bg5 17. c3 Bxc1 18. Rxc1 Nc6 19. Ne3 Qb6 20. Qe2 Rfc8 21. b4 Ra7 22. Qd2 Ne7 23. Rfd1 Rac7 24. Be2 Rc6 25. Bg4 Qd8 26. Bxe6 fxe6 27. Qa2 Kf7 28. Rd3 Ng8 29. g3 Nf6 30. f3 Qb6 31. Kg2 Ke7 32. Qd2 Qc7 33. Kh1 h6 34. Qg2 Rf8 35. Qd2 Nd7 36. f4 Nf6 37. Qg2 exf4 38. gxf4 Rf7 39. f5 e5 40. Qf3 Kf8 41. Nd5 Nxd5 42. Rxd5 Rc4 43. Qd3 Rf6 44. Rc2 Kg8 45. Kg1 1/2-1/2